[Event "December 12 Late 2023"]
[Site "https://www.chess.com"]
[Date "2023.12.12"]
[Round "4"]
[White "Goryachkina, Aleksandra"]
[Black "Petukhov, Dmitry"]
[Result "1-0"]
[Board "62"]
[TimeControl "180+1"]
[WhiteFideId "4147103"]
[BlackFideId "4142748"]
[WhiteElo "2664"]
[BlackElo "2516"]
[WhiteTeam "FID"]
[BlackTeam "RUS"]
[WhiteClock "0:00:31"]
[BlackClock "0:00:00"]

1. e4 c5 2. Nf3 d6 3. Bb5+ Nc6 4. O-O Bd7 5. Re1 a6 6. Bxc6 Bxc6 7. d4 cxd4 8. Nxd4 e5 9. Nxc6 bxc6 10. b3 Nf6 11. Nd2 Be7 12. Ba3 d5 13. Bxe7 Qxe7 14. exd5 cxd5 15. c4 O-O 16. cxd5 Nxd5 17. Nc4 Nf4 18. Nxe5 Qg5 19. Qf3 Ng6 20. Nxg6 hxg6 21. Rad1 Rfe8 22. h3 Rxe1+ 23. Rxe1 Rc8 24. Qb7 Rc1 25. Qe4 Rc8 26. Qe2 Qf5 27. Qxa6 Rc2 28. Qa8+ Kh7 29. Qa7 Qf4 30. a3 Rc1 31. Rxc1 Qxc1+ 32. Kh2 Qf4+ 33. g3 Qf3 34. b4 g5 35. b5 f5 36. Qe3 Qb7 37. a4 Qa8 38. Qxg5 Qxa4 39. Qxf5+ Kh8 40. Qh5+ Kg8 41. Qd5+ Kh7 42. Qc5 Qb3 43. b6 Kh6 44. Qe3+ 1-0

[Event "December 12 Late 2023"]
[Site "https://www.chess.com"]
[Date "2023.12.12"]
[Round "4"]
[White "Goltsev, Dmitry"]
[Black "Gasparyan, David"]
[Result "1-0"]
[Board "63"]
[TimeControl "180+1"]
[WhiteFideId "24176710"]
[BlackFideId "13311980"]
[WhiteElo "2663"]
[BlackElo "2503"]
[WhiteTeam "RUS"]
[BlackTeam "USA"]
[WhiteClock "0:00:27"]
[BlackClock "0:00:00"]

1. e4 c5 2. Nf3 e6 3. d4 cxd4 4. Nxd4 a6 5. Nc3 Qc7 6. Be2 Nf6 7. O-O Nc6 8. Be3 b5 9. a3 Nxd4 10. Bxd4 Bc5 11. Qd2 Bb7 12. Rad1 O-O 13. Bxf6 gxf6 14. Qxd7 Qb6 15. b4 Be3 16. fxe3 Qxe3+ 17. Kh1 Qxc3 18. Qxb7 Qxa3 19. Rxf6 Qe3 20. Bh5 Rad8 21. Rdf1 Qg5 22. Bxf7+ Kh8 23. Qe7 Qg7 24. R6f2 Rd4 25. Qxe6 Rxb4 26. Qxa6 Rb2 27. Qc6 b4 28. h3 b3 29. cxb3 Rxf2 30. Rxf2 1-0

[Event "December 12 Late 2023"]
[Site "https://www.chess.com"]
[Date "2023.12.12"]
[Round "4"]
[White "Solon, Nathan"]
[Black "Cervantes Landeiro, Thalia"]
[Result "1-0"]
[Board "64"]
[TimeControl "180+1"]
[WhiteFideId "2017229"]
[BlackFideId "3520498"]
[WhiteElo "2656"]
[BlackElo "2493"]
[WhiteTeam "USA"]
[BlackTeam "USA"]
[WhiteClock "0:00:28"]
[BlackClock "0:00:00"]

1. d4 Nf6 2. Bf4 g6 3. Nf3 d5 4. e3 Bg7 5. h3 O-O 6. Be2 c5 7. c3 b6 8. Nbd2 Bb7 9. O-O Nc6 10. a3 Nd7 11. Qa4 e5 12. dxe5 Ndxe5 13. Rad1 Qe7 14. Nxe5 Nxe5 15. Nf3 Rfd8 16. Rd2 Bc6 17. Qd1 Nc4 18. Rc2 h6 19. Qc1 g5 20. Bg3 f5 21. Bd3 Rf8 22. b3 Ne5 23. Nxe5 Bxe5 24. Bxe5 Qxe5 25. Rd1 f4 26. exf4 gxf4 27. Be2 d4 28. cxd4 Qg5 29. d5 Bd7 30. Kh2 Rae8 31. Bf3 Qh4 32. Re1 Kh8 33. Rce2 Rxe2 34. Rxe2 Qf6 35. Qe1 b5 36. Re7 Bf5 37. Rxa7 c4 38. bxc4 bxc4 39. Rc7 Bd3 40. a4 Qd6 41. Rc6 1-0

[Event "December 12 Late 2023"]
[Site "https://www.chess.com"]
[Date "2023.12.12"]
[Round "4"]
[White "Baches Garcia, Guillermo"]
[Black "Karacsonyi, Gellert"]
[Result "0-1"]
[Board "65"]
[TimeControl "180+1"]
[WhiteFideId "2209764"]
[BlackFideId "764620"]
[WhiteElo "2480"]
[BlackElo "2653"]
[WhiteTeam "ESP"]
[BlackTeam "HUN"]
[WhiteClock "0:00:00"]
[BlackClock "0:00:06"]

1. Nf3 Nf6 2. d4 d5 3. Bg5 e6 4. Nbd2 Be7 5. e3 O-O 6. Bd3 b6 7. c3 Ba6 8. Bxa6 Nxa6 9. Qe2 Nb8 10. Ne5 Nfd7 11. Bxe7 Qxe7 12. f4 c5 13. O-O f5 14. Ndf3 Nxe5 15. Nxe5 Nd7 16. Rf3 Nxe5 17. fxe5 c4 18. Rh3 b5 19. Rf1 a5 20. Qh5 g6 21. Qh6 b4 22. Rg3 Rab8 23. h4 Qg7 24. Qf4 h6 25. Qf2 Rb6 26. Qc2 b3 27. axb3 Rxb3 28. Rf2 a4 29. Qc1 Kh7 30. Rgf3 Qe7 31. h5 gxh5 32. Rh3 Qg5 33. Qd1 Qg4 34. Rff3 Rg8 35. Rhg3 Qxg3 36. Rxg3 Rxg3 37. Qa1 Rb7 38. Qxa4 Rbg7 39. Qe8 Rxg2+ 40. Kf1 Rg1+ 41. Kf2 R1g2+ 42. Kf1 R2g6 43. Qd8 Rg1+ 44. Kf2 R1g2+ 45. Kf3 Rxb2 46. Qf6 Rb6 47. Kf4 h4 48. Qd8 Rbb7 49. Qc8 Rbe7 50. Qf8 h3 51. Qf6 h2 0-1

[Event "December 12 Late 2023"]
[Site "https://www.chess.com"]
[Date "2023.12.12"]
[Round "4"]
[White "Mendes Aaron Reeve"]
[Black "Novikova, Galina"]
[Result "0-1"]
[Board "66"]
[TimeControl "180+1"]
[WhiteFideId "25954938"]
[BlackFideId "4157095"]
[WhiteElo "2652"]
[BlackElo "2490"]
[WhiteTeam "CAN"]
[BlackTeam "RUS"]
[WhiteClock "0:00:12"]
[BlackClock "0:00:11"]

1. e4 e6 2. Nf3 d5 3. Nc3 Nf6 4. e5 Nfd7 5. d4 c5 6. Bg5 Qb6 7. dxc5 Bxc5 8. Qd2 Bb4 9. a3 Bf8 10. Be2 Nc6 11. O-O h6 12. Bf4 g5 13. Bg3 Bg7 14. Rfe1 O-O 15. Bd3 Nc5 16. Bf1 Rd8 17. h4 Ne4 18. Qc1 Nxg3 19. hxg5 Nf5 20. Bd3 h5 21. Bxf5 exf5 22. Qf4 Ne7 23. Qh4 Qg6 24. Ne2 Be6 25. Nf4 Qh7 26. Nxh5 Ng6 27. Qh2 Rac8 28. Nd4 Rc4 29. c3 f4 30. f3 Nxe5 31. Nxg7 Qxg7 32. Qh4 Ng6 33. Qh5 Qh7 34. Qxh7+ Kxh7 35. Nxe6 fxe6 36. Rxe6 Rc7 37. Rae1 d4 38. cxd4 Rxd4 39. R1e2 Rd1+ 40. Kh2 Rd5 41. Kh3 Rxg5 42. Kh2 Rgc5 43. Rd2 Rg7 44. Rdd6 Rg5 45. Kh3 Nf8 46. Rh6+ Kg8 47. Rd4 Rg3+ 48. Kh4 Rxg2 49. Kh3 R7g3+ 50. Kh4 Rh2# 0-1

[Event "December 12 Late 2023"]
[Site "https://www.chess.com"]
[Date "2023.12.12"]
[Round "4"]
[White "Bazilius, Augustinas"]
[Black "Jaracz, Pawel"]
[Result "1-0"]
[Board "67"]
[TimeControl "180+1"]
[WhiteFideId "12832251"]
[BlackFideId "1102222"]
[WhiteElo "2472"]
[BlackElo "2641"]
[WhiteTeam "LTU"]
[BlackTeam "POL"]
[WhiteClock "0:00:12"]
[BlackClock "0:00:14"]

1. d4 d5 2. c4 c6 3. Nf3 Nf6 4. g3 dxc4 5. Bg2 b5 6. Ne5 Bb7 7. O-O e6 8. b3 cxb3 9. axb3 Qb6 10. Nc3 Nbd7 11. Be3 Nd5 12. Nxd5 cxd5 13. Nxd7 Kxd7 14. Qd3 Be7 15. Bd2 a5 16. e4 dxe4 17. Bxe4 Bxe4 18. Qxe4 Qc6 19. Qf4 a4 20. bxa4 Rxa4 21. Qxf7 Rha8 22. Rxa4 bxa4 23. Bg5 Qd6 24. Rb1 Ra7 25. d5 exd5 26. Re1 Kc8 27. Bxe7 Qd7 28. Qf8+ Kb7 29. Rb1+ Ka6 30. Qf3 Rb7 31. Qd3+ Ka7 32. Bc5+ Kb8 33. Re1 Qc6 34. Bd4 Qc4 35. Qe3 Qc6 36. Qf4+ Ka8 37. Qf8+ Rb8 38. Qxg7 a3 39. Qa7# 1-0

[Event "December 12 Late 2023"]
[Site "https://www.chess.com"]
[Date "2023.12.12"]
[Round "4"]
[White "Bold, Andre"]
[Black "Manukyan, Sargis A."]
[Result "0-1"]
[Board "68"]
[TimeControl "180+1"]
[WhiteFideId "16208471"]
[BlackFideId "13303970"]
[WhiteElo "2445"]
[BlackElo "2638"]
[WhiteTeam "GER"]
[BlackTeam "ARM"]
[WhiteClock "0:00:30"]
[BlackClock "0:02:00"]

1. Nf3 d5 2. g3 e6 3. Bg2 Nf6 4. O-O Be7 5. c4 O-O 6. b3 c5 7. cxd5 Nxd5 8. d4 Nc6 9. Bb2 cxd4 10. Nxd4 Nxd4 11. Bxd4 Bf6 12. e4 Nb4 13. Bxf6 Qxf6 14. Na3 Rd8 15. Qf3 Qxf3 16. Bxf3 b6 17. e5 Rb8 18. Nc4 Ba6 19. Rfd1 Bxc4 20. bxc4 Nd3 21. Kg2 Nxe5 22. Be2 g6 23. f4 Nd7 24. a4 Nc5 25. a5 Rxd1 26. Bxd1 b5 27. cxb5 Rxb5 28. Be2 Rb2 29. Kf1 Nb3 30. Ra3 Kg7 31. Bc4 Nd2+ 0-1

[Event "December 12 Late 2023"]
[Site "https://www.chess.com"]
[Date "2023.12.12"]
[Round "4"]
[White "Dobrikov, Marco"]
[Black "Dubessay, Bastien"]
[Result "0-1"]
[Board "69"]
[TimeControl "180+1"]
[WhiteFideId "12950378"]
[BlackFideId "650048"]
[WhiteElo "2636"]
[BlackElo "2426"]
[WhiteTeam "GER"]
[BlackTeam "FRA"]
[WhiteClock "0:00:43"]
[BlackClock "0:00:31"]

1. Nf3 Nf6 2. d3 d5 3. Nbd2 c5 4. e4 e6 5. g3 Nc6 6. Bg2 Be7 7. O-O O-O 8. c3 b5 9. Re1 Rb8 10. exd5 Nxd5 11. Nb3 a5 12. c4 bxc4 13. dxc4 Nb6 14. Bf4 Ra8 15. Qxd8 Rxd8 16. Bc7 Nxc4 17. Bxd8 Bxd8 18. Nxc5 Rb8 19. b3 Na3 20. Rad1 Bf6 21. Nd2 Nd4 22. Nde4 Nac2 23. Nxf6+ gxf6 24. Re4 e5 25. g4 Rb5 26. Na4 Bb7 27. Rc1 Bxe4 28. Nc3 Bxg2 29. Nxb5 Ne2+ 30. Kxg2 Nxc1 31. Nd6 Nxa2 32. Nc4 Nd4 33. Nxa5 Nb4 34. Nc4 Kg7 35. h4 Nxb3 36. g5 Nd4 37. Kg3 Nbc6 38. Kg4 fxg5 39. hxg5 Kg6 40. Nd6 Ne6 41. Ne4 Ncd4 42. f3 Ne2 43. Kh4 N2f4 44. Kg4 Ng2 45. Kg3 Ne3 46. Kh4 Nd1 47. Kg3 Nb2 48. Kg4 Na4 49. Kg3 Nxg5 50. Nd6 f5 51. Nc4 Kf6 52. f4 exf4+ 53. Kxf4 Ne6+ 54. Kf3 Nac5 55. Nd6 Ne4 56. Nc4 N4g5+ 57. Kg3 h5 58. Kh4 Ng7 59. Ne3 Nf3+ 60. Kg3 Ne5 61. Nd5+ Kg5 62. Nc3 h4+ 63. Kh3 Ne6 64. Nd1 Nf4+ 65. Kh2 Ng4+ 66. Kh1 h3 67. Nc3 Nd3 68. Nd1 Ndf2+ 69. Nxf2 Nxf2+ 70. Kg1 Ng4 71. Kh1 Kh4 72. Kg1 Kg3 73. Kh1 Nf2+ 74. Kg1 h2+ 75. Kf1 h1=Q+ 76. Ke2 Qd1+ 77. Ke3 Qd3# 0-1

[Event "December 12 Late 2023"]
[Site "https://www.chess.com"]
[Date "2023.12.12"]
[Round "4"]
[White "Vlassov, Nikolai"]
[Black "Zeneli, Klendi"]
[Result "1-0"]
[Board "70"]
[TimeControl "180+1"]
[WhiteFideId "4103360"]
[BlackFideId "4706609"]
[WhiteElo "2629"]
[BlackElo "2412"]
[WhiteTeam "FID"]
[BlackTeam "ALB"]
[WhiteClock "0:01:23"]
[BlackClock "0:00:58"]

1. e4 e5 2. Bc4 Nf6 3. d3 c6 4. Nf3 d5 5. Bb3 Bd6 6. Nc3 h6 7. exd5 cxd5 8. Bxd5 Nxd5 9. Nxd5 O-O 10. O-O b6 11. c4 Bb7 12. Qb3 Nd7 13. Be3 Nc5 14. Bxc5 Bxc5 15. Nxe5 Re8 16. Rae1 Bxd5 17. cxd5 Qf6 18. Nf3 Rad8 19. d4 Bxd4 20. Rxe8+ Rxe8 21. Qa4 Re4 22. Qxa7 Bc5 23. d6 Qxd6 24. Qa8+ 1-0

[Event "December 12 Late 2023"]
[Site "https://www.chess.com"]
[Date "2023.12.12"]
[Round "4"]
[White "Gubajdullin, Alexei"]
[Black "Haraguchi, Diego Sashaki"]
[Result "1-0"]
[Board "71"]
[TimeControl "180+1"]
[WhiteFideId "4141202"]
[BlackFideId "22729925"]
[WhiteElo "2626"]
[BlackElo "2395"]
[WhiteTeam "RUS"]
[BlackTeam "BRA"]
[WhiteClock "0:02:00"]
[BlackClock "0:00:00"]

1. e4 e5 2. Nf3 Nc6 3. Bb5 Nf6 4. O-O Nxe4 5. d4 Nd6 6. Bxc6 dxc6 7. dxe5 Nf5 8. Qxd8+ Kxd8 9. h3 h6 10. Nc3 Be7 11. Ne2 b6 12. Nf4 Ba6 13. Rd1+ Kc8 14. Nh5 g6 15. Nf6 Bxf6 16. exf6 Be2 17. Re1 Bxf3 18. gxf3 Kb7 19. Bf4 Rhe8 20. Kh2 Nd4 21. Re7 Ne6 22. Bxh6 Rxe7 23. fxe7 Re8 24. Bf8 Nxf8 25. exf8=Q Rxf8 26. Rd1 Re8 27. Rd7 Re2 28. Kg3 f6 29. Rf7 Re6 30. f4 c5 31. f5 gxf5 32. h4 Re4 33. f3 Re2 34. h5 Rxc2 35. h6 Rc1 36. h7 Rh1 37. Kf4 Rh5 38. a4 a6 39. Ke3 b5 40. a5 b4 41. Kd3 Kc6 42. Rxf6+ 1-0

[Event "December 12 Late 2023"]
[Site "https://www.chess.com"]
[Date "2023.12.12"]
[Round "4"]
[White "Boyer, Mahel"]
[Black "Kujawski, Adam"]
[Result "1/2-1/2"]
[Board "72"]
[TimeControl "180+1"]
[WhiteFideId "45102422"]
[BlackFideId "1100920"]
[WhiteElo "2625"]
[BlackElo "2355"]
[WhiteTeam "FRA"]
[BlackTeam "POL"]
[WhiteClock "0:00:01"]
[BlackClock "0:00:03"]

1. e4 e5 2. Bc4 Nf6 3. d3 d5 4. exd5 Nxd5 5. Nf3 Nc6 6. O-O Nb6 7. Bb5 Bd6 8. Re1 f6 9. d4 O-O 10. Bxc6 bxc6 11. dxe5 fxe5 12. h3 e4 13. Ng5 Qf6 14. Nxe4 Qg6 15. Kh1 Bf5 16. Nbc3 Rae8 17. f3 Qh5 18. Nxd6 cxd6 19. Rxe8 Rxe8 20. Bf4 d5 21. Kh2 Qg6 22. Qd4 Bxc2 23. Rc1 Bf5 24. b3 Bd7 25. a4 Qf6 26. Qd2 Nc8 27. Bg5 Qf7 28. Bf4 Ne7 29. Ne2 Nf5 30. Nd4 Nxd4 31. Qxd4 Re2 32. Rc5 h6 33. Bg3 Qg6 34. Ra5 Qc2 35. Qg1 Bxh3 36. Kxh3 Qg6 37. Bh4 Qf5+ 38. Kg3 Qe5+ 39. Kh3 Qf5+ 40. Kh2 Qh5 41. Kg3 Qf5 42. Rxa7 g5 43. Bxg5 Qxg5+ 44. Kh3 Qh5+ 45. Kg3 Qg5+ 46. Kh3 Qh5+ 47. Kg3 Qg6+ 48. Kh2 Qh5+ 49. Kg3 1/2-1/2

[Event "December 12 Late 2023"]
[Site "https://www.chess.com"]
[Date "2023.12.12"]
[Round "4"]
[White "Rose, Felix"]
[Black "Golubev, Mikhail"]
[Result "0-1"]
[Board "73"]
[TimeControl "180+1"]
[WhiteFideId "5105722"]
[BlackFideId "14100983"]
[WhiteElo "2335"]
[BlackElo "2621"]
[WhiteTeam "MEX"]
[BlackTeam "UKR"]
[WhiteClock "0:00:03"]
[BlackClock "0:00:14"]

1. e4 c5 2. Nf3 Nc6 3. d4 cxd4 4. Nxd4 Nf6 5. Nc3 d6 6. Bg5 Bd7 7. Qd2 a6 8. O-O-O e6 9. h4 h6 10. Bxf6 Qxf6 11. f3 h5 12. Kb1 Nxd4 13. Qxd4 Qxd4 14. Rxd4 Ke7 15. Be2 Rc8 16. Rhd1 Rc6 17. a4 g6 18. Rb4 Rc7 19. a5 Bg7 20. Na4 Bxa4 21. Rxa4 Rhc8 22. c3 Be5 23. g4 Rc5 24. Rf1 Bf4 25. c4 Rh8 26. b4 Re5 27. Ra2 Bg3 28. Bd3 hxg4 29. f4 Reh5 30. Rg1 Bxf4 31. Rxg4 Be3 32. Re2 Bd4 33. Rh2 g5 34. b5 Rxh4 35. Rhg2 Rxg4 36. Rxg4 Kf6 37. bxa6 bxa6 38. c5 Rb8+ 39. Kc2 dxc5 40. Bxa6 Ra8 41. Bc4 Rxa5 42. e5+ Bxe5 43. Rg1 Bf4 44. Rf1 Ra3 45. Bb3 Ra7 46. Kd3 Rd7+ 47. Kc3 Rd4 48. Bc2 Kg7 49. Rh1 f5 50. Rh7+ Kxh7 0-1

[Event "December 12 Late 2023"]
[Site "https://www.chess.com"]
[Date "2023.12.12"]
[Round "4"]
[White "Burke, Paul"]
[Black "Olsen, Filip Boe"]
[Result "0-1"]
[Board "74"]
[TimeControl "180+1"]
[WhiteFideId "2605767"]
[BlackFideId "1440640"]
[WhiteElo "1852"]
[BlackElo "2619"]
[WhiteTeam "CAN"]
[BlackTeam "DEN"]
[WhiteClock "0:00:00"]
[BlackClock "0:00:46"]

1. e4 c5 2. Nf3 d6 3. d4 cxd4 4. c3 Nf6 5. Bd3 dxc3 6. Nxc3 Nc6 7. h3 g6 8. O-O Bg7 9. Qe2 O-O 10. Rd1 Nd7 11. Bg5 b6 12. Nd5 Bb7 13. Rac1 f6 14. Bh4 Rc8 15. Nf4 Nc5 16. Rxc5 bxc5 17. Ne6 Qd7 18. Nxf8 Kxf8 19. Bc4 Na5 20. Bd5 Bxd5 21. exd5 Rb8 22. Re1 Rb4 23. Bg3 Nb7 24. b3 Nd8 25. Qd2 Nf7 26. Bf4 Qf5 27. Be3 Qd7 28. Rc1 f5 29. Rc4 Rxc4 30. bxc4 Qb7 31. Ng5 Nxg5 32. Bxg5 Be5 33. g3 Qb1+ 34. Kg2 Qe4+ 35. Kh2 Qd4 36. Qe2 Qb2 0-1

[Event "December 12 Late 2023"]
[Site "https://www.chess.com"]
[Date "2023.12.12"]
[Round "4"]
[White "Osmonbekov, Talaibek"]
[Black "Xiong, Jeffery"]
[Result "0-1"]
[Board "75"]
[TimeControl "180+1"]
[WhiteFideId "2017253"]
[BlackFideId "2047640"]
[WhiteElo "2279"]
[BlackElo "3027"]
[WhiteTeam "USA"]
[BlackTeam "USA"]
[WhiteClock "0:00:17"]
[BlackClock "0:01:32"]

1. d4 g6 2. e4 Bg7 3. Nc3 d6 4. Bf4 a6 5. Qd2 Nc6 6. Nf3 Bg4 7. d5 Na7 8. O-O-O c6 9. dxc6 Nxc6 10. h3 Bxf3 11. gxf3 Rc8 12. Nd5 Nf6 13. Bh6 Bxh6 14. Qxh6 Nxd5 15. exd5 Nb4 16. Qg7 Rf8 17. c3 Qa5 18. a3 Nxd5 19. Qd4 Nxc3 20. bxc3 Rxc3+ 21. Kb1 Qxa3 22. Bc4 Qb4+ 23. Ka1 Rxc4 24. Qb2 Qa5+ 0-1

[Event "December 12 Late 2023"]
[Site "https://www.chess.com"]
[Date "2023.12.12"]
[Round "4"]
[White "Grutter, Tim"]
[Black "Mikaelyan, Arman"]
[Result "1-0"]
[Board "76"]
[TimeControl "180+1"]
[WhiteFideId "1057472"]
[BlackFideId "13304852"]
[WhiteElo "2512"]
[BlackElo "2829"]
[WhiteTeam "NED"]
[BlackTeam "ARM"]
[WhiteClock "0:00:08"]
[BlackClock "0:01:14"]

1. Nf3 a6 2. g3 b5 3. Bg2 Bb7 4. O-O d6 5. d3 Nd7 6. e4 g6 7. a4 Bg7 8. c3 e6 9. Be3 Ne7 10. Qd2 O-O 11. Bh6 Nc5 12. Bxg7 Kxg7 13. Qc2 Nxa4 14. Nbd2 Qd7 15. Nb3 Rab8 16. Na5 Ba8 17. d4 c5 18. Rfd1 c4 19. Nxc4 bxc4 20. Qxa4 Qxa4 21. Rxa4 Bxe4 22. Rxa6 d5 23. Ra2 Rb7 24. Ne5 Bxg2 25. Kxg2 Rfb8 26. Rd2 f6 27. Nf3 Nf5 28. Ng1 Nd6 29. f3 g5 30. h3 h5 31. Ne2 Kg6 32. g4 hxg4 33. hxg4 Rh8 34. Ng3 f5 35. Ra6 Rd7 36. Re2 Kf6 37. Nh5+ Kf7 38. Ng3 f4 39. Nh5 Rb8 40. Kf1 Ke7 41. Ng7 Nf7 42. Nxe6 Rd6 43. Nc5+ Kd8 44. Ra7 Nh6 45. Nb7+ Rxb7 46. Rxb7 Ra6 47. Ree7 Ng8 48. Rf7 Ke8 49. Rg7 Kf8 50. Rxg5 Ne7 51. Re5 Nc6 52. Rxd5 Ra1+ 53. Kf2 Rc1 54. Rd6 Rc2+ 55. Ke1 Ne7 56. Rd8+ Kf7 57. Rdd7 Kg6 58. Rxe7 Kg5 59. d5 Kh4 60. Re2 Rc1+ 61. Kd2 Ra1 62. d6 Ra6 63. d7 Rd6+ 64. Kc2 Kg3 65. Rd2 Re6 66. d8=Q Re3 67. Qd4 Rxf3 68. Qxc4 Re3 69. Rd3 Kf2 70. Rxe3 fxe3 71. Rf7+ Kg3 72. Qf1 e2 73. Qf2+ Kh3 74. Rh7+ Kxg4 75. Rh4+ Kg5 76. Qf4+ 1-0

[Event "December 12 Late 2023"]
[Site "https://www.chess.com"]
[Date "2023.12.12"]
[Round "4"]
[White "Chocenka, Dmitrijus"]
[Black "Rustemov, Alexander"]
[Result "1-0"]
[Board "77"]
[TimeControl "180+1"]
[WhiteFideId "12802336"]
[BlackFideId "4119002"]
[WhiteElo "2488"]
[BlackElo "2821"]
[WhiteTeam "LTU"]
[BlackTeam "RUS"]
[WhiteClock "0:00:16"]
[BlackClock "0:00:00"]

1. e4 e6 2. d4 d5 3. Nc3 dxe4 4. Nxe4 Bd7 5. Bd3 Bc6 6. Nf3 Nd7 7. Qe2 Ngf6 8. Neg5 Qe7 9. Bd2 h6 10. Nh3 g5 11. Nhg1 g4 12. Nh4 Qd6 13. h3 h5 14. hxg4 hxg4 15. Nf5 Rxh1 16. Nxd6+ Bxd6 17. O-O-O Bxg2 18. f3 Rxg1 19. Rxg1 gxf3 20. Qf2 Ng4 21. Qh4 Bh2 22. Rd1 Ndf6 23. Bg5 O-O-O 24. Bxf6 Rg8 25. Be5 Bxe5 26. dxe5 f2 27. Be2 Ne3 28. Qxf2 Nxd1 29. Bxd1 Rg7 30. Qf6 Rh7 31. Qe7 b6 32. Be2 Kb7 33. Qe8 Be4 34. Qg8 Rh2 35. Qg4 Bg6 36. Qf3+ Kb8 37. Kd2 Rh4 38. b3 Re4 39. Qf6 Rd4+ 40. Bd3 Bxd3 41. cxd3 Rd7 42. Kc3 a5 43. a3 Kb7 44. b4 axb4+ 45. axb4 Kb8 46. Kc4 Kb7 47. b5 Kb8 48. Qh8+ Kb7 49. Qe8 Rd5 50. d4 Ka7 51. Qxf7 Kb7 52. Qxe6 Rd8 53. Qc6+ Kb8 54. e6 Rd6 55. Qxd6 1-0

[Event "December 12 Late 2023"]
[Site "https://www.chess.com"]
[Date "2023.12.12"]
[Round "4"]
[White "Rodriguez Fontecha, Marcos"]
[Black "Bardyk, Artem"]
[Result "1-0"]
[Board "78"]
[TimeControl "180+1"]
[WhiteFideId "2256576"]
[BlackFideId "34349979"]
[WhiteElo "2476"]
[BlackElo "2732"]
[WhiteTeam "ESP"]
[BlackTeam "RUS"]
[WhiteClock "0:00:38"]
[BlackClock "0:00:00"]

1. d4 d5 2. Bf4 Nf6 3. e3 c5 4. c3 Nc6 5. Nd2 Bf5 6. Qb3 Qc8 7. Ngf3 c4 8. Qb5 Bc2 9. b3 a6 10. Qb6 Nd7 11. Qc7 Qxc7 12. Bxc7 Rc8 13. Bg3 b5 14. Be2 b4 15. bxc4 bxc3 16. Nb1 e5 17. c5 e4 18. Nh4 Nxc5 19. dxc5 Bxc5 20. O-O d4 21. exd4 Nxd4 22. Bxa6 Rc6 23. Bc4 Be7 24. Bb3 Bd3 25. Re1 g5 26. Be5 Bf6 27. Bxd4 Bxd4 28. Nf5 1-0

[Event "December 12 Late 2023"]
[Site "https://www.chess.com"]
[Date "2023.12.12"]
[Round "4"]
[White "Thomforde-Toates, Noah"]
[Black "Serban, Cristian-Stefan"]
[Result "1-0"]
[Board "79"]
[TimeControl "180+1"]
[WhiteFideId "30951992"]
[BlackFideId "1241443"]
[WhiteElo "2686"]
[BlackElo "2465"]
[WhiteTeam "USA"]
[BlackTeam "ROU"]
[WhiteClock "0:00:55"]
[BlackClock "0:00:00"]

1. d4 d5 2. Nc3 Nf6 3. Bf4 c5 4. e4 Nxe4 5. Nxe4 dxe4 6. dxc5 Qa5+ 7. c3 Qxc5 8. Qa4+ Nc6 9. Qxe4 g6 10. Nf3 Bg7 11. Qe3 Qxe3+ 12. Bxe3 O-O 13. Bc4 Ne5 14. Nxe5 Bxe5 15. O-O-O a5 16. Rhe1 Bd6 17. Bh6 Rd8 18. Bg5 Rd7 19. Bb5 Rc7 20. Rxd6 exd6 21. Re8+ Kg7 22. Bf4 Rc5 23. Bd3 a4 24. Bxd6 Rc6 25. Be5+ f6 26. Bd4 a3 27. b3 Ra5 28. Be4 Re6 29. Rxc8 Rxe4 30. Rc7+ Kh6 31. Be3+ g5 32. Rxb7 f5 33. Rb6+ Kh5 34. b4 Rd5 35. Bd4 Re1+ 36. Kc2 Rg1 37. g3 Rg2 38. Kb3 Rxh2 39. Kxa3 Kg4 40. Kb3 h5 41. a4 h4 42. gxh4 gxh4 43. a5 Rh1 44. Rg6+ Kf3 45. Rh6 h3 46. a6 Ra1 47. a7 Rd8 48. Rxh3+ Kg4 49. Rh7 f4 50. Rb7 Kf3 51. Rb8 1-0

[Event "December 12 Late 2023"]
[Site "https://www.chess.com"]
[Date "2023.12.12"]
[Round "4"]
[White "Marin Posada, Sebastian"]
[Black "Tokhirjonova, Gulrukhbegim"]
[Result "1-0"]
[Board "80"]
[TimeControl "180+1"]
[WhiteFideId "4402782"]
[BlackFideId "14203626"]
[WhiteElo "2421"]
[BlackElo "2647"]
[WhiteTeam "COL"]
[BlackTeam "USA"]
[WhiteClock "0:00:07"]
[BlackClock "0:00:15"]

1. d4 Nf6 2. c4 g6 3. g3 Bg7 4. Bg2 d5 5. cxd5 Nxd5 6. e4 Nb6 7. Ne2 O-O 8. O-O e6 9. Nbc3 Nc6 10. e5 Nb4 11. a3 N4d5 12. Ne4 h6 13. Qc2 Bd7 14. Bd2 Ba4 15. b3 Bb5 16. Rfe1 Bxe2 17. Rxe2 c6 18. Rd1 Qd7 19. Nd6 Nc8 20. Nc4 Nce7 21. Be4 Nf5 22. Bc1 Rfd8 23. h4 Qe7 24. b4 Nb6 25. Na5 Nxd4 26. Rxd4 Rxd4 27. Be3 Rd7 28. Bc5 Qd8 29. Bd6 Qe8 30. Nxb7 Rxb7 31. Bxc6 Qc8 32. b5 Nd5 33. a4 Rb6 34. h5 gxh5 35. f4 a6 36. f5 axb5 37. Bxa8 Qxa8 38. fxe6 fxe6 39. Qg6 bxa4 40. Qxe6+ Kh8 41. Rf2 Rb2 42. Rxb2 Qc6 43. Rb8+ Kh7 44. Qf5# 1-0

[Event "December 12 Late 2023"]
[Site "https://www.chess.com"]
[Date "2023.12.12"]
[Round "4"]
[White "Todev, Simeon"]
[Black "Kokoszczynski, Jan"]
[Result "1-0"]
[Board "81"]
[TimeControl "180+1"]
[WhiteFideId "2925133"]
[BlackFideId "1174460"]
[WhiteElo "2335"]
[BlackElo "2633"]
[WhiteTeam "BUL"]
[BlackTeam "POL"]
[WhiteClock "0:00:11"]
[BlackClock "0:00:05"]

1. e4 c5 2. Nf3 d6 3. c3 Nf6 4. Bd3 Nbd7 5. Bc2 g6 6. d4 cxd4 7. cxd4 Bg7 8. Nc3 O-O 9. O-O b6 10. e5 Ne8 11. Re1 dxe5 12. dxe5 Nc7 13. Bg5 Ne6 14. Bh4 Bb7 15. Be4 Bxe4 16. Rxe4 Ndc5 17. Re3 Re8 18. Nd5 Qd7 19. b4 Rad8 20. Nxe7+ Rxe7 21. Qxd7 Rexd7 22. Bxd8 Nd3 23. Rd1 Nxe5 24. Rxd7 Nxd7 25. Rd3 Ne5 26. Nxe5 Bxe5 27. g3 Kf8 28. f4 Bd4+ 29. Kg2 Ke8 30. Bc7 f6 31. Bb8 a6 32. g4 f5 33. Kf3 Ke7 34. gxf5 gxf5 35. a4 b5 36. axb5 axb5 37. Be5 Bg1 38. Rd6 h5 39. Ra6 Bxh2 40. Ra7+ Ke8 41. Rb7 h4 42. Rxb5 Bxf4 43. Rb8+ Kd7 44. Bxf4 Nd4+ 45. Kg2 Ne6 46. Bh2 Ng5 47. Rb7+ Kc6 48. Rg7 Ne4 49. Rg6+ Kb5 50. Rh6 Kxb4 51. Rxh4 Kc4 52. Rf4 Kd3 53. Rxf5 Ke3 54. Re5 Kd3 55. Kf3 Nd2+ 56. Kf4 Nc4 57. Rd5+ Kc3 58. Ke4 Nd2+ 59. Kf4 Nc4 60. Bg1 Nd2 61. Rc5+ Kd3 62. Be3 Nc4 63. Rd5+ Kc3 64. Rd4 Nb2 65. Rd8 Nc4 66. Ke4 Kb3 67. Bd4 Nd2+ 68. Kd3 Nb1 69. Rb8+ Ka2 70. Rb2+ Ka1 71. Rc2+ Nc3 72. Bxc3+ Kb1 73. Rh2 Kc1 74. Rh1# 1-0

[Event "December 12 Late 2023"]
[Site "https://www.chess.com"]
[Date "2023.12.12"]
[Round "4"]
[White "Flash_BJ"]
[Black "Crevatin, Leo"]
[Result "1-0"]
[Board "82"]
[TimeControl "180+1"]
[BlackFideId "1726307"]
[WhiteElo "2206"]
[BlackElo "2623"]
[BlackTeam "SWE"]
[WhiteClock "0:00:17"]
[BlackClock "0:00:00"]

1. c4 Nf6 2. Nf3 e6 3. g3 d5 4. b3 dxc4 5. bxc4 e5 6. d3 e4 7. dxe4 Qxd1+ 8. Kxd1 Nxe4 9. Be3 Be6 10. Nbd2 Nxd2 11. Nxd2 Nd7 12. Bg2 c6 13. Rb1 O-O-O 14. Kc2 Bc5 15. Bxc5 Nxc5 16. Rhd1 Bf5+ 17. e4 Rxd2+ 18. Kxd2 Nxe4+ 19. Bxe4 Bxe4 20. Rb2 Bf3 21. Re1 Rd8+ 22. Kc3 Bg4 23. Re7 Rd7 24. Rxd7 Bxd7 25. c5 Be6 26. a3 Kc7 27. Kd4 b6 28. f4 b5 29. Ke5 Bd5 30. g4 f6+ 31. Kd4 a5 32. h4 Bf3 33. g5 fxg5 34. hxg5 Bg4 35. Ke5 Kd7 36. f5 h5 37. Kf4 Ke7 38. Rd2 Bh3 39. Rd6 Bg2 40. f6+ gxf6 41. gxf6+ Kf7 42. Ke5 h4 43. Rd7+ Kf8 44. Rh7 h3 45. Kf4 b4 46. axb4 axb4 47. Kg3 b3 48. Rb7 b2 49. Rxb2 Kf7 50. Rf2 Bd5 51. Kxh3 Be6+ 52. Kh4 Kg6 53. Rf1 Bd5 54. Rf4 Be6 55. Kg3 Bd5 56. Kf2 Kg5 57. Ke3 Kg6 58. Kd4 Kf7 59. Ke5 Bb3 60. Kd6 Bd5 61. Rf5 Be4 62. Rf2 Bh1 63. Ke5 Bd5 64. Rh2 Bf3 65. Rh7+ Kf8 66. Rc7 Bg2 67. Kd6 1-0